 Dungeon Crawl Stone Soup version 0.27-a0-1105-g946c659c87 (webtiles) character file.

Game seed: 9527466264858870273

89 OTABOTABOTAB the Skirmisher (level 4, -1/40 HPs)
             Began as a Ghoul Fighter on Apr 30, 2021.
             Slain by Terence
             ... wielding a +6 short sword of draining
              (5 damage)
             ... on level 3 of the Dungeon.
             The game lasted 00:02:26 (1753 turns).

OTABOTABOTAB the Skirmisher (Ghoul Fighter)         Turns: 1753, Time: 00:02:26

Health: -1/40      AC:  6    Str: 19    XL:     4   Next: 55%
Magic:  3/3        EV:  9    Int:  4    God:
Gold:   42         SH:  0    Dex:  8    Spells: 3/3 levels left

rFire    . . .     SeeInvis .     - Unarmed
rCold    + . .     Faith    .   (no shield)
rNeg     + + +     Spirit   .   a - +0 scale mail
rPois    ∞         Reflect  .   (no helmet)
rElec    .         Harm     .   (no cloak)
rCorr    .         Rampage  .   (no gloves)
Will     .....                  (no boots)
Stlth    ..........             (no amulet)
HPRegen  0.00/turn              (no ring)
MPRegen  0.08/turn              (no ring)

@: no status effects
A: claws 1, cold resistance 1, negative energy resistance 3, inhibited
regeneration, torment resistance 2, unbreathing 1
a: no special abilities


You were on level 3 of the Dungeon.
You visited 1 branch of the dungeon, and saw 3 of its levels.

You collected 42 gold pieces.

Inventory:

Armour
 a - a +0 scale mail (worn)
 b - a +0 kite shield
Jewellery
 c - a ring of ice {rC+, rF-}
   (You found it on level 1 of the Dungeon)
Wands
 h - a wand of acid (11)
   (You found it on level 2 of the Dungeon)
Scrolls
 g - a scroll of identify {unknown}
 k - a scroll of amnesia {unknown}
 l - a scroll of acquirement {unknown}
 m - a scroll of enchant weapon {unknown}
Potions
 d - a potion of invisibility
 e - a potion of heal wounds {unknown}
 f - 2 potions of curing {unknown}
 i - a potion of brilliance {unknown}
 j - a potion of resistance {unknown}
 M - 2 potions of might


   Skills:
 + Level 3.8 Fighting
 + Level 3.1 Armour
 + Level 3.2 Shields
 * Level 3.6 Unarmed Combat


You had 3 spell levels left.
You didn't know any spells.
Your spell library was empty.

Dungeon Overview and Level Annotations

Branches:
Dungeon (3/15)

Altars:
Hepliaklqana

Shops:
D:2 (

Annotations:
D:3 Terence


Innate Abilities, Weirdness & Mutations

You thrive by killing the living.
You are immune to poison.
You have sharp fingernails.
Your flesh is cold resistant. (rC+)
You are immune to negative energy. (rN+++)
You do not regenerate when monsters are visible.
You are immune to unholy pain and torment.
You can survive without breathing.


Message History

No target in view!
A frilled lizard comes into view.
You see here a +0 short sword.
A frilled lizard is nearby!
A frilled lizard is nearby!
You closely miss the frilled lizard. The frilled lizard bites you.
You take 1 damage, and have 39/40 hp.
You scratch the frilled lizard.
You kill the frilled lizard!
No target in view!
M - 2 potions of might (gained 1)
Found a stone staircase leading down.
Health restored: 40
There is a stone staircase leading down here.
There is a stone staircase leading up here.
You open the door.
There is an open door here.
As you open the door, it creaks loudly!
There is an open door here.
There is an open door here.
You open the door.
There is an open door here.
Things that are here:
a +0 whip; a stone; a kobold skeleton
There is a stone staircase leading down here.
You open the door.
There is an open door here.
Done exploring.
Done exploring.
No target in view!
No target in view!
Search for what [? for help]? armour Done exploring.
(D) Dungeon
Where to? (Enter - D:2, ? - help)
There is an open door here.
There is a stone staircase leading down here.
You climb downwards.
A bat comes into view.
There is a stone staircase leading up here.
A bat is nearby!
You scratch the bat. The bat hits you but does no damage.
You closely miss the bat. The bat barely misses you.
You scratch the bat.
You kill the bat!
A dart slug comes into view.
A dart slug is nearby!
A bat and Jessica come into view.
Jessica is wielding a +0 club and wearing a +1 robe of fire resistance.
Jessica shouts!
You hear a shout!
You scratch the dart slug. The dart slug closely misses you.
You claw the dart slug!
You kill the dart slug!
The bat hits you but does no damage.
Jessica gestures wildly while chanting.
Jessica blinks!
The bat barely misses you.
You see here a dart slug corpse.
Your scale mail prevents you from hitting the bat.
The bat hits you but does no damage. The bat barely misses you.
Terence the Incautious comes into view.
He is wielding a +6 short sword of draining.
Terence shouts!
The bat hits you but does no damage. The bat barely misses you.
Terence drinks a potion.
Terence flickers and vanishes!
Deactivating autopickup; reactivate with Ctrl-A.
You scratch the bat.
You kill the bat!
You claw Jessica!
You kill Jessica!
No target in view!
No target in view!
Unknown command.
You see here a dart slug corpse.
There is a strange disturbance nearby!
There is a strange disturbance nearby!
There is a strange disturbance nearby!
Unknown command.
You barely miss something. Something hits you.
You take 4 damage, and have 36/40 hp.
You barely miss something. Something hits you.
You take 4 damage, and have 32/40 hp.
You closely miss something. Something hits you!
You take 10 damage, and have 22/40 hp.
MASSIVE DAMAGE!!
You closely miss something. Something hits you!
You take 9 damage, and have 13/40 hp.
MASSIVE DAMAGE!!
You scratch something but do no damage. Something hits you.
* * * LOW HITPOINT WARNING * * *
You take 4 damage, and have 9/40 hp.
Unknown command.
You scratch something but do no damage. Something hits you.
* * * LOW HITPOINT WARNING * * *
You take 3 damage, and have 6/40 hp.
You closely miss something. Something hits you.
* * * LOW HITPOINT WARNING * * *
You take 2 damage, and have 4/40 hp.
You completely miss something. Something hits you.
You die...

#......... #.........
#...........
######†.)........ .
#.#...########..#
...###.....##........ .
##.........##.....###.#
...$.....<............#
##.###.....##{@....##
#....####.....###
...................
####################


There were no monsters in sight!

Vanquished Creatures
  Jessica (D:3)
  An adder (D:2)
  5 dart slugs
  4 endoplasms
  3 giant cockroaches
  4 hobgoblins
  3 quokkas
  A ball python (D:2)
  6 bats
  3 frilled lizards
  6 goblins
  6 kobolds
  3 rats
46 creatures vanquished.

Notes
Turn   | Place    | Note
-------+----------+-------------------------------------------
     0 | D:1      | OTABOTABOTAB the Ghoul Fighter began the quest for the Orb.
     0 | D:1      | Reached XP level 1. HP: 19/19 MP: 0/0
   111 | D:1      | Reached XP level 2. HP: 26/26 MP: 1/1
   346 | D:1      | Found a faded altar of an unknown god.
   469 | D:1      | Reached XP level 3. HP: 31/31 MP: 2/2
   572 | D:1      | Reached skill level 3 in Unarmed Combat
   833 | D:2      | Reached skill level 3 in Shields
   960 | D:2      | Found a hazy altar of Hepliaklqana.
   990 | D:2      | Reached skill level 3 in Armour
  1246 | D:2      | Found Vymidde's Antique Weapon Shoppe.
  1484 | D:2      | Reached XP level 4. HP: 40/40 MP: 3/3
  1726 | D:3      | Noticed Jessica
  1731 | D:3      | Noticed Terence
  1733 | D:3      | Killed Jessica
  1750 | D:3      | HP: 9/40 [something (4)]
  1752 | D:3      | HP: 4/40 [something (2)]
  1753 | D:3      | Slain by Terence

Illustrated notes

Levels and vault maps discovered:
D:1:      wander_arrival_lonely_grave, layout_loops_ring,
          shapermc_ecumenical_altar_hornbeckon
D:2:      layout_loops_corners, basic_altar, serial_shops, shop
D:3:      kennysheep_six_static_rooms, layout_basic,
          ebering_ghost_reflecting_pool, uniq_grinder, uniq_terence,
          uniq_jessica

Skill      XL: |  1  2  3 |
---------------+----------+-----
Unarmed Combat | 3 |  3.6
Shields        | 3 |  3.2
Armour         | 3 |  3.1
Fighting       | |  3.8

Action                   |  1- 3 |  4- 6 || total
-------------------------+-------+-------++-------
Melee: Unarmed           |   117 |    19 ||   136
       Punch             |     1 |       ||     1
Armor: Scale mail        |    52 |     4 ||    56
Dodge: Dodged            |    55 |     6 ||    61

Table legend: (Time is in decaauts)
 A = Elapsed time spent in this place.
 B = Non-inter-level travel time spent in this place.
 C = Inter-level travel time spent in this place.
 D = Time resting spent in this place.
 E = Time spent auto-exploring this place.
 F = Levels seen in this place.
 G = Mean time per level.
                   A        B        C        D        E       F      G
               +--------+--------+--------+--------+--------+-----+--------+
         Total |   1752 |   1711 |     41 |      0 |   1423 |   3 |  584.0 |
       Dungeon |   1752 |   1711 |     41 |      0 |   1423 |   3 |  584.0 |
               +--------+--------+--------+--------+--------+-----+--------+

Top non-repeatable levels by time:
     D:2: 914 daAuts
     D:1: 804 daAuts
     D:3: 33 daAuts

Table legend:
 A = Kills in this place as a percentage of kills in entire the game.
 B = Kills by you in this place as a percentage of kills by you in the entire game.
 C = Kills by friends in this place as a percentage of kills by friends in the entire game.
 D = Other kills in this place as a percentage of other kills in the entire game.
 E = Experience gained in this place as a percentage of experience gained in the entire game.
 F = Experience gained in this place divided by the number of levels of this place that you have seen.
                   A       B       C       D       E      F
               +-------+-------+-------+-------+-------+----------------------
         Total | 100.0 | 100.0 |   N/A |   N/A | 100.0 |  42.7
       Dungeon | 100.0 | 100.0 |   N/A |   N/A | 100.0 |  42.7
               +-------+-------+-------+-------+-------+----------------------
